 Dungeon Crawl Stone Soup version 0.27.1-4-g1640c2035a (webtiles) character file.

Game seed: 15228676876776682698

12096 pancakes the Ogre Mage (level 11, -12/107 HPs)
             Began as an Ogre Hedge Wizard on Nov 13, 2021.
             Was an Initiate of Gozag.
             Mangled by a skeletal warrior (20 damage)
             ... on level 9 of the Dungeon.
             The game lasted 01:41:55 (15611 turns).

pancakes the Ogre Mage (Ogre Hedge Wizard)         Turns: 15611, Time: 01:41:56

Health: -12/107    AC: 13    Str: 16    XL:     11   Next: 88%
Magic:  11/22      EV: 14    Int: 18    God:    Gozag
Gold:   1310       SH:  0    Dex: 14    Spells: 0/24 levels left

rFire    . . .     SeeInvis .   b - +2 whip (elec)
rCold    . . .     Faith    .   (no shield)
rNeg     . . .     Spirit   .   K - +4 steam dragon scales
rPois    .         Reflect  .   c - +0 hat
rElec    .         Harm     .   B - +2 cloak
rCorr    .         Rampage  .   (gloves unavailable)
Will     +....                  (boots unavailable)
Stlth    ++........             v - amulet of the acrobat
HPRegen  0.27/turn              x - +4 ring of evasion
MPRegen  0.18/turn              V - +6 ring of dexterity

@: no status effects
A: large, unfitting armour, tough skin 1, mutation resistance 1
a: Renounce Religion, Potion Petition, Call Merchant, Bribe Branch


You were on level 9 of the Dungeon.
You worshipped Gozag.
Gozag was most pleased with you.
You visited 3 branches of the dungeon, and saw 13 of its levels.
You also visited: Sewer and Ossuary.

You collected 2846 gold pieces.
You spent 777 gold pieces at shops.
You paid 759 gold pieces to Gozag.

Inventory:

Hand Weapons
 a - the +8 dagger of Virtue {venom, +Rage Will- Int+8}
   (You bought it in a shop on level 8 of the Dungeon)

   It poisons the flesh of those it strikes.
   Int:       It affects your intelligence (+8).
   +Rage:     It lets you go berserk.
   Will:      It decreases your willpower.
 b - a +2 whip of electrocution (weapon)
 A - the +5 great mace "Oruerit" {protect, *Slow rElec Dex+10 Stlth+}
   (You bought it in a shop on level 8 of the Dungeon)

   It grants its wielder temporary protection when it strikes (+7 to AC).
   Dex:       It affects your dexterity (+10).
   rElec:     It insulates you from electricity.
   *Slow:     It may slow you when you take damage.
   Stlth:     It makes you more stealthy.
 E - a +0 hand axe of electrocution
 M - a +0 giant spiked club
 R - a +2 spear of venom
Missiles
 e - 39 poisoned darts
 f - 3 large rocks (quivered)
 g - 258 stones
 h - 4 throwing nets
 i - a curare-tipped dart
 k - 55 bolts
 l - 92 arrows
 q - 31 sling bullets
Armour
 c - a +0 hat (worn)
 B - a +2 cloak (worn)
 K - +4 steam dragon scales (worn)
Jewellery
 r - a ring of see invisible
 v - an amulet of the acrobat (around neck)
 x - a +4 ring of evasion (left hand)
 V - a +6 ring of dexterity (right hand)
Wands
 y - a wand of flame (4)
 z - a wand of polymorph (9)
 D - a wand of iceblast (8)
 Q - a wand of digging (4)
Scrolls
 d - a scroll of amnesia
 j - 4 scrolls of fear
 s - a scroll of summoning {unknown}
 t - 6 scrolls of teleportation
 C - 2 scrolls of blinking {unknown}
 F - a scroll of silence {unknown}
 G - a scroll of brand weapon {unknown}
 J - 3 scrolls of acquirement {unknown}
 N - a scroll of vulnerability {unknown}
 W - a scroll of immolation {unknown}
Potions
 m - a potion of haste
 n - 5 potions of might
 o - a potion of resistance
 p - 3 potions of flight
 u - 2 potions of attraction
 w - 2 potions of curing
 H - a potion of invisibility
 I - 2 potions of mutation
 L - a potion of lignification
 O - a potion of brilliance {unknown}
 P - a potion of berserk rage


   Skills:
 * Level 6.9 Fighting
 * Level 1.1 Short Blades
 - Level 4.0 Maces & Flails
 - Level 6.0 Throwing
 * Level 2.2 Armour
 - Level 3.0 Dodging
 - Level 1.4 Stealth
 * Level 7.4 Spellcasting
 * Level 5.9 Conjurations
 * Level 1.7 Summonings
 * Level 3.4 Translocations
 - Level 5.0 Fire Magic
 * Level 6.0 Ice Magic
 * Level 5.3 Air Magic
 - Level 5.0 Poison Magic
 * Level 1.0 Evocations


You couldn't memorise any spells.
You knew the following spells:

 Your Spells              Type           Power      Damage    Failure   Level
b - Blink                 Tloc           N/A        N/A       3%          2
d - Mephitic Cloud        Conj/Pois/Air  26%        N/A       3%          3
e - Conjure Flame         Conj/Fire      26%        6-21      3%          3
f - Manifold Assault      Tloc           18%        N/A       56%         5
n - Call Imp              Summ           12%        N/A       8%          2
r - Freezing Cloud        Conj/Ice/Air   13%        6-21      26%         5
s - Magic Dart            Conj           100%       1d8       1%          1
x - Frozen Ramparts       Ice            56%        1d7       2%          3

Your spell library contained the following spells:

 Spells                   Type           Power      Damage    Failure   Level
 Poisonous Vapours        Pois/Air       50%        N/A       1%          2
 Searing Ray              Conj           54%        3d5       1%          2
 Corpse Rot               Necr/Air       N/A        N/A       5%          2
 Lesser Beckoning         Tloc           9%         N/A       8%          3
 Slow                     Hex            6%         N/A       16%         2
 Summon Ice Beast         Ice/Summ       20%        N/A       21%         4
 Confusing Touch          Hex            6%         N/A       30%         3
 Fulminant Prism          Conj/Hex       8%         3d7       30%         4
 Ice Form                 Ice/Tmut       17%        N/A       30%         4
 Fireball                 Conj/Fire      13%        3d7       30%         5
 Animate Armour           Summ/Erth      18%        N/A       58%         4
 Starburst                Conj/Fire      13%        6d5       86%         6
 Blade Hands              Tmut           3%         N/A       96%         5
 Yara's Violent Unravell  Hex/Tmut       3%         3d4       96%         5
 Iron Shot                Conj/Erth      8%         9d3       99%         6
 Ignition                 Fire           12%        3d6       100%        8


Dungeon Overview and Level Annotations

Branches:
Dungeon (10/15)            Temple (1/1) D:7            Lair (2/6) D:8
  Sewer (visited)         Ossuary (visited)
  Swamp: Lair:2-4    Shoals: Lair:2-4     Snake: Lair:2-4    Spider: Lair:2-4
    Orc: D:9-12

Altars:
Ashenzari
Cheibriados
Dithmenos
Elyvilon
Gozag
Makhleb
Ru
Trog
Uskayaw
Vehumet
Wu Jian
Yredelemnul
Zin

Shops:
D:5 *   D:8 (


Innate Abilities, Weirdness & Mutations

You are too large for most types of armour.
You have tough skin. (AC +1)
You are somewhat resistant to further mutation.


Message History

The fire ignites!
Casting: Conjure Flame (mildly dangerous; 3% risk of failure)
Confirm with . or Enter, or press ? or * to list all spells.
The fire begins to smoulder!
The fire ignites!
Throw: 5 large rocks
Press: ? - help, Q - select action, (/) - cycle Shift-Dir - straight line, f - skeletal warrior
Aim: a skeletal warrior, wielding a +0 dire flail (flame, 65% to hit)
You throw a large rock.
The large rock barely misses the skeletal warrior.
The skeletal warrior is engulfed in blazing flames.
Throw: 4 large rocks
Press: ? - help, Q - select action, (/) - cycle Shift-Dir - straight line, f/p - skeletal warrior
Aim: a skeletal warrior, wielding a +0 dire flail (flame, lightly damaged, 65% to hit)
You throw a large rock.
The large rock closely misses the skeletal warrior.
The skeletal warrior is engulfed in blazing flames. x2
The skeletal warrior hits you with a +0 dire flail.
You hit the skeletal warrior but do no damage.
The skeletal warrior is moderately damaged.
The skeletal warrior is engulfed in blazing flames.
The skeletal warrior hits you with a +0 dire flail!
* * * LOW HITPOINT WARNING * * *
Unknown command.
You hit the skeletal warrior but do no damage.
The skeletal warrior is heavily damaged.
The skeletal warrior is engulfed in blazing flames.
The skeletal warrior hits you with a +0 dire flail!
* * * LOW HITPOINT WARNING * * *
You closely miss the skeletal warrior.
The skeletal warrior is severely damaged.
The skeletal warrior is engulfed in blazing flames.
The skeletal warrior hits you with a +0 dire flail!
* * * LOW HITPOINT WARNING * * *
You completely miss the skeletal warrior.
The skeletal warrior is severely damaged.
The skeletal warrior is engulfed in blazing flames.
The skeletal warrior hits you with a +0 dire flail!!
You die...
Your body crumbles into a pile of gold.

#######.###..###.#..# ##.# #.
........###..# #.#..#######..#
#.
#######.##.#.###.#..[.[.)...##
#. #...###......#######..####.
#.##.#.###.####........z§..
#.###.z# #.# #.####..##### #>#
#..# #.# #.# #..# #.# #..# #.#
#.# #..# ##.###..###@####.#
#..# #.......§§z......####..#
#.#############........# #.#
##.####.## #.# #.# #.# #.# #.#
#.# #.# #.# #.# #.#
#######.####.# #.#
#............#


You could see a skeletal warrior.

Vanquished Creatures
  Harold (D:8)
  A two-headed ogre (D:8)
  A manticore (D:6)
  Maggie (D:6)
  2 cane toads (Lair:1)
  2 komodo dragons (Lair:1)
  Psyche (D:8)
  A troll (D:7)
  A hornet (D:9)
  Grinder (D:3)
  A wraith (D:10)
  A wyvern (D:8)
  14 yaks
  Sigmund (D:3)
  Grum (D:8)
  3 steam dragons (D:8)
  Menkaure (D:6)
  Edmund (D:5)
  3 wargs (D:8)
  3 water moccasins (D:7)
  An acid dragon (D:9)
  2 ice beasts
  2 sky beasts (D:7)
  Purgy (Sewer)
  2 black bears
  5 ogres
  3 wolves (D:8)
  A phantom (D:5)
  3 kobold brigands
  Blork the orc (D:6)
  6 bullfrogs
  2 gnoll sergeants
  A wyvern zombie (D:8)
  9 killer bees
  A water moccasin skeleton (D:7)
  3 wights
  6 howler monkeys
  An electric eel (D:8)
  A centaur zombie (D:8)
  A bullfrog zombie (D:6)
  Crazy Yiuf (D:5)
  7 orc priests
  2 hounds
  2 jellies
  A bullfrog skeleton (D:5)
  2 gnoll shamans
  6 orc wizards
  Terence (D:3)
  5 iguanas
  A hound skeleton (D:5)
  A mummy (Ossuary)
  23 gnolls
  6 adders
  2 river rats (D:6)
  An adder zombie (D:5)
  2 adder skeletons (D:4)
  2 worms
  3 dart slugs
  26 orcs
  5 spectral bats (Ossuary)
  7 ball pythons
  6 bats
  7 endoplasms
  4 giant cockroaches
  12 gnoll zombies (Ossuary)
  5 goblins
  7 jackals
  21 kobolds
  2 quokkas
  3 bat simulacra (Ossuary)
  2 frilled lizards
  3 goblin simulacra (Ossuary)
  4 goblin zombies (Ossuary)
  7 hobgoblin zombies (Ossuary)
  4 kobold simulacra (Ossuary)
  2 kobold zombies (Ossuary)
  5 orc zombies (Ossuary)
  5 rats
  3 rat simulacra (Ossuary)
  2 spectral goblins (Ossuary)
  2 spectral kobolds (Ossuary)
  6 spectral rats (Ossuary)
311 creatures vanquished.

Vanquished Creatures (collateral kills)
  A gnoll sergeant (D:8)
1 creature vanquished.

Vanquished Creatures (others)
  11 plants
11 creatures vanquished.

Grand Total: 323 creatures vanquished

Notes
Turn   | Place    | Note
-------+----------+-------------------------------------------
     0 | D:1      | pancakes the Ogre Hedge Wizard began the quest for the Orb.
     0 | D:1      | Reached XP level 1. HP: 16/16 MP: 5/5
    74 | D:1      | Reached skill level 1 in Conjurations
   408 | D:1      | Reached XP level 2. HP: 24/24 MP: 2/6
   919 | D:1      | Found a faded altar of an unknown god.
   919 | D:1      | Noticed a hellwing
   927 | D:1      | Became a worshipper of Gozag Ym Sagoz the Greedy
   934 | D:1      | PetriHellwing
  1176 | D:2      | Reached skill level 1 in Maces & Flails
  1176 | D:2      | Reached XP level 3. HP: 9/31 MP: 1/8
  1687 | D:2      | Found a white marble altar of Elyvilon.
  1857 | D:2      | Learned a level 3 spell: Mephitic Cloud
  1861 | D:2      | Learned a level 3 spell: Conjure Flame
  1864 | D:2      | Learned a level 2 spell: Blink
  2296 | D:3      | Reached skill level 1 in Translocations
  2504 | D:3      | Noticed Grinder
  2536 | D:3      | Noticed Terence
  2591 | D:3      | Killed Terence
  2592 | D:3      | Reached XP level 4. HP: 32/39 MP: 4/9
  2699 | D:3      | HP: 1/39 [orc (5)]
  3075 | D:3      | Reached skill level 1 in Fire Magic
  3075 | D:3      | Reached XP level 5. HP: 45/45 MP: 10/10
  3302 | D:3      | Noticed Sigmund
  3319 | D:3      | Killed Sigmund
  3320 | D:3      | Reached skill level 4 in Spellcasting
  3320 | D:3      | Reached skill level 1 in Air Magic
  3320 | D:3      | Reached skill level 1 in Poison Magic
  3320 | D:3      | Reached XP level 6. HP: 48/53 MP: 4/12
  3479 | D:3      | Gained mutation: You are somewhat resistant to further
                  | mutation. [potion of mutation]
  3491 | D:3      | Killed Grinder
  3492 | D:3      | Reached XP level 7. HP: 40/59 MP: 6/13
  3938 | D:4      | Learned a level 2 spell: Call Imp
  5390 | D:5      | Entered Level 5 of the Dungeon
  5476 | D:5      | Reached XP level 8. HP: 26/67 MP: 11/14
  5685 | D:5      | Found a runed translucent door.
  5686 | D:5      | Noticed Crazy Yiuf
  5699 | D:5      | Killed Crazy Yiuf
  6133 | D:5      | Reached skill level 1 in Throwing
  6140 | D:5      | Learned a level 2 spell: Poisonous Vapours
  6235 | D:5      | Found Itzu's Mass Market.
  6435 | D:5      | Noticed Edmund
  6459 | D:5      | Killed Edmund
  7000 | D:6      | Reached XP level 9. HP: 46/74 MP: 7/15
  7068 | D:6      | Found a glowing drain.
  7117 | Sewer    | Entered a sewer
  7151 | Sewer    | Noticed Purgy
  7160 | Sewer    | Killed Purgy
  7246 | D:6      | Found a sand-covered staircase.
  7251 | Ossuary  | Entered an ossuary
  7957 | D:6      | Noticed Menkaure
  8624 | D:6      | Killed Menkaure
  8714 | D:6      | Noticed Maggie
  8732 | D:6      | Killed Maggie
  8733 | D:6      | Reached skill level 1 in Fighting
  8874 | D:6      | Noticed Blork the orc
  8874 | D:6      | Noticed a manticore
  8887 | D:6      | Killed Blork the orc
  8891 | D:6      | Killed a manticore
  9279 | D:6      | Learned a level 5 spell: Freezing Cloud
  9501 | D:7      | Reached skill level 5 in Fire Magic
  9581 | D:7      | Reached skill level 5 in Poison Magic
  9637 | D:7      | Found a staircase to the Ecumenical Temple.
  9702 | Temple   | Entered the Ecumenical Temple
  9758 | D:7      | Reached skill level 1 in Ice Magic
  9758 | D:7      | Reached skill level 5 in Air Magic
  9975 | D:7      | Reached XP level 10. HP: 91/91 MP: 10/16
 10055 | D:7      | Reached skill level 5 in Conjurations
 10059 | D:7      | Found a sacrificial altar of Ru.
 10063 | D:7      | Found a snail-covered altar of Cheibriados.
 10067 | D:7      | Found a glowing silver altar of Zin.
 10067 | D:7      | Found a burning altar of Makhleb.
 10462 | D:7      | Reached skill level 5 in Throwing
 11213 | D:8      | Noticed Psyche
 11321 | D:8      | Noticed a two-headed ogre
 11333 | D:8      | Killed a two-headed ogre
 11334 | D:8      | Reached skill level 5 in Spellcasting
 11475 | D:8      | Killed Psyche
 11761 | D:8      | Noticed Harold
 11774 | D:8      | Killed Harold
 11775 | D:8      | Reached skill level 5 in Fighting
 11775 | D:8      | Reached skill level 6 in Spellcasting
 11775 | D:8      | Reached skill level 5 in Ice Magic
 11775 | D:8      | Reached XP level 11. HP: 72/104 MP: 14/20
 12321 | D:8      | Found a staircase to the Lair.
 12813 | D:8      | Noticed Grum
 12831 | D:8      | Killed Grum
 13150 | Lair:1   | Entered Level 1 of the Lair of Beasts
 13179 | Lair:1   | Reached skill level 1 in Armour
 13536 | Lair:1   | Reached skill level 7 in Spellcasting
 14159 | D:8      | Bought a fine great mace for 483 gold pieces
 14159 | D:8      | Identified the +5 great mace "Oruerit" {protect, *Slow
                  | rElec Dex+10 Stlth+} (You bought it in a shop on level 8 of
                  | the Dungeon)
 14159 | D:8      | Bought a shimmering dagger for 294 gold pieces
 14159 | D:8      | Identified the +8 dagger of Virtue {venom, +Rage Will-
                  | Int+8} (You bought it in a shop on level 8 of the Dungeon)
 14269 | D:9      | Learned a level 5 spell: Manifold Assault
 14364 | D:9      | Learned a level 3 spell: Frozen Ramparts
 14605 | D:9      | Reached skill level 1 in Summonings
 15206 | D:10     | Entered Level 10 of the Dungeon
 15364 | D:10     | Reached skill level 1 in Short Blades
 15368 | D:10     | Reached skill level 1 in Evocations
 15540 | D:10     | Noticed a skeletal warrior
 15540 | D:10     | Noticed a skeletal warrior
 15542 | D:10     | Noticed a skeletal warrior
 15543 | D:10     | Noticed a skeletal warrior
 15543 | D:10     | Noticed a skeletal warrior
 15611 | D:9      | Mangled by a skeletal warrior

Illustrated notes

#...............# #.#
#.. #......###......#
####.###_###....#
########.#8...8#....#
.........#.###.#....###.
#######..#.#4#.#........
#..#.###.#....####
#..#8...8#..###
#..###@###..#
#....P.P....#
#...........#
#############


Turn 934 on D:1: PetriHellwing

Levels and vault maps discovered:
D:1:      minmay_arrival_pointy, layout_basic,
          dreamdust_ecumenical_altar_sealed_demon, minmay_hexomino_p4
D:2:      layout_rooms, serial_curves, eino_curves_02, eino_curves_04,
          eino_curves_01, eino_curves_03, basic_altar, roderic_malta_cross,
          minmay_misc_feat_plants
D:3:      layout_loops_ring, minivault_4, chequers_serial_rivers_room_b,
          guppyfry_early_lair_pool, uniq_terence, uniq_sigmund, uniq_grinder
D:4:      layout_rooms
D:5:      layout_loops_cross, minmay_misc_feat_x, minmay_misc_feat_ornament,
          minmay_shop_mass, minmay_small_thing, uniq_edmund,
          uniq_crazy_yiuf_cottage
D:6:      layout_basic, nicolae_ossuary_entry_ruins, portal_sewer_entry_a,
          uniq_blork_the_orc, uniq_menkaure, uniq_maggie
D:7:      layout_basic, grunt_temple_overflow_open,
          minmay_temple_entry_overgrown
D:8:      layout_loops_corners, erik_lair_orcish_takeover, serial_bayou,
          serial_bayou_shore_b, serial_bayou_pond_b, serial_bayou_shore_b,
          serial_bayou_shore_b, uniq_harold, uniq_psyche, uniq_grum
D:9:      layout_loops_ring
D:10:     layout_gridville, orc_0_dummy
Temple:   eino_narrow_crystal_temple
Lair:1:   layout_misc_corridors, grunt_megastairs_2
Lair:2:   layout_big_grid, grunt_megastairs_4, serial_bayou_shore_a,
          uniq_gastronok

Skill      XL: |  1  2  3  4  5  6  7  8  9 10 11 |
---------------+----------------------------------+-----
Conjurations   | 1 2 3 4 5 |  5.9
Maces & Flails | 1 2 3 4 |  4.0
Translocations | 1 2 3 |  3.4
Fire Magic     | 1 2 4 5 |  5.0
Spellcasting   | 4 6 7 |  7.4
Air Magic      | 1 2 3 5 |  5.3
Poison Magic   | 1 2 3 5 |  5.0
Throwing       | 2 4 6 |  6.0
Fighting       | 3 5 6 |  6.9
Ice Magic      | 1 5 6 |  6.0
Dodging        | 3 |  3.0
Armour         | 2 |  2.2
Summonings     | 1 |  1.7
Short Blades   | 1 |  1.1
Evocations     | 1 |  1.0
Stealth        | |  1.4

Action                   |  1- 3 |  4- 6 |  7- 9 | 10-12 || total
-------------------------+-------+-------+-------+-------++-------
Melee: Dagger            |     3 |       |       |    53 ||    56
       Whip              |    18 |    34 |   393 |   276 ||   721
Throw: Stone             |       |     3 |    28 |       ||    31
       Dart              |       |       |    85 |   122 ||   207
       Large rock        |       |       |     9 |     5 ||    14
 Cast: Magic Dart        |    75 |    16 |    95 |    25 ||   211
       Mephitic Cloud    |     1 |     4 |    27 |    11 ||    43
       Conjure Flame     |       |       |    10 |    11 ||    21
       Blink             |       |       |     2 |     3 ||     5
       Poisonous Vapours |       |       |     4 |       ||     4
       Call Imp          |       |       |     5 |     4 ||     9
       Freezing Cloud    |       |       |       |    13 ||    13
       Frozen Ramparts   |       |       |       |     2 ||     2
Invok: Call Merchant     |       |       |       |     1 ||     1
Evoke: Wand              |       |       |     7 |       ||     7
  Use: Potion            |       |     1 |     2 |       ||     3
       Scroll            |       |       |    16 |     4 ||    20
 Stab: Confused          |     2 |     2 |     7 |     6 ||    17
       Sleeping          |       |       |     4 |       ||     4
       Distracted        |       |       |     1 |     3 ||     4
Armor: Robe              |     7 |     5 |    61 |       ||    73
       Steam dragon scal |       |       |    12 |    90 ||   102
Dodge: Dodged            |    18 |     8 |   177 |   166 ||   369
